 Dungeon Crawl Stone Soup version 0.20.1-1-g8b1a95d (webtiles) character file.

72 RuzvalD the Skirmisher (level 4, 0/36 HPs)
             Began as a Demonspawn Abyssal Knight on Oct 23, 2017.
             Was a Follower of Lugonu.
             Slain by a frilled lizard (1 damage)
             ... on level 2 of the Dungeon.
             The game lasted 00:14:37 (1357 turns).

RuzvalD the Skirmisher (Demonspawn Abyssal Knight)  Turns: 1357, Time: 00:14:39

Health: 0/36       AC:  8    Str: 13    XL:     4   Next: 7%
Magic:  6/6        EV:  6    Int: 13    God:    Lugonu [*.....]
Gold:   71         SH:  0    Dex: 13    Spells: 3/3 levels left

rFire    . . .     SeeInvis .   x - +0 battleaxe
rCold    . . .     Gourm    .   (shield currently unavailable)
rNeg     . . .     Faith    .   o - +0 chain mail
rPois    .         Spirit   .   (no helmet)
rElec    .         Reflect  .   (no cloak)
rCorr    .         Harm     .   (no gloves)
MR       .....                  (no boots)
Stlth    ..........             (no amulet)
Regen    0.2/turn               (no ring)
MPRegen  0.1/turn               (no ring)

@: hasted, very quick
A: hooves 1, rot immunity
a: Depart the Abyss, Renounce Religion


You were on level 2 of the Dungeon.
You worshipped Lugonu.
Lugonu was aware of your devotion.
You were hungry.

You visited 1 branch of the dungeon, and saw 2 of its levels.
You visited the Abyss 1 time.

You collected 71 gold pieces.

Inventory:

Hand Weapons
 a - a +1 hand axe
 h - a +0 dagger
 j - a +0 club
 q - a +0 hunting sling
 s - a +0 club
 w - a +0 spear
 x - a +0 battleaxe (weapon)
 y - a +0 club
Missiles
 k - 10 bolts
 m - 15 sling bullets
 p - 14 arrows
 v - 10 stones (quivered)
Armour
 b - a +0 leather armour
 o - a +0 chain mail (worn)
 A - a +0 leather armour
Scrolls
 d - a scroll of fog {unknown}
 e - 3 scrolls of identify {unknown}
 l - a scroll of random uselessness {unknown}
 n - a scroll of blinking {unknown}
 r - a scroll of teleportation {unknown}
 u - a scroll of immolation {unknown}
Potions
 f - a potion of curing {unknown}
 g - a potion of brilliance {unknown}
Comestibles
 c - a bread ration
 i - 2 chunks of flesh
 t - 2 meat rations
 C - 14 fruits


   Skills:
 + Level 3.6 Fighting
 + Level 2.9 Axes
 + Level 2.2 Armour
 + Level 1.1 Dodging
 + Level 2.7 Invocations


You had 3 spell levels left.
You didn't know any spells.

Dungeon Overview and Level Annotations

Branches:
Dungeon (2/15)

Altars:
Nemelex Xobeh
Ru


Innate Abilities, Weirdness & Mutations

You have large cloven feet.
You are immune to rotting.


Message History

You hit Terence. Your kick misses Terence.
Terence is almost dead.
Terence hits you but does no damage.
Your chain mail prevents you from hitting Terence.
Terence is almost dead.
You hit the frilled lizard. Terence hits you with a morningstar.
* * * LOW HITPOINT WARNING * * *
The frilled lizard bites you but does no damage.
You closely miss Terence. You kick Terence.
You kill Terence!
Lugonu accepts your kill.
You feel your dexterity returning.
You have reached level 4!
You feel agile.
You closely miss the frilled lizard.
* * * LOW HITPOINT WARNING * * *
You feel sick.
You are no longer poisoned.
The frilled lizard bites you.
You die...

......# #........ ......#
#........ ......#
#)....... ###### #.#
#........ .# #.# #.#######
.## #.# #.# ..######.# #†#
......##.#########.####...
......#.........@)........
......#..........l#####...
......#...........#
......#...#####'####
###.####.##≈≈≈≈≈≈≈≈#
#..###.##≈......≈#
##......#≈......≈#
####......#≈......≈#
#.........#≈......≈#


You could see a frilled lizard.

Vanquished Creatures
  Terence (D:2)
  An adder (D:2)
  An ooze (D:1)
  A worm (D:2)
  4 dart slugs (D:1)
  A leopard gecko (D:1)
  A ball python (D:1)
  A giant cockroach (D:1)
  A goblin (D:1)
  4 hobgoblins
  4 frilled lizards (D:1)
  6 rats
26 creatures vanquished.

Notes
Turn   | Place    | Note
-------+----------+-------------------------------------------
     0 | Abyss:1  | RuzvalD the Demonspawn Abyssal Knight began the quest for the Orb.
     0 | Abyss:1  | Reached XP level 1. HP: 18/18 MP: 2/2
    47 | Abyss:1  | Noticed a neqoxec
    48 | Abyss:1  | Noticed a quasit
    50 | Abyss:1  | Noticed a quasit
    67 | D:1      | Escaped the Abyss
   433 | D:1      | Gained mutation: You have large cloven feet. [demonic ancestry]
   433 | D:1      | Reached XP level 2. HP: 19/24 MP: 3/3
   516 | D:1      | Reached skill level 1 in Dodging
   519 | D:1      | Reached * piety under Lugonu
   879 | D:1      | Gained mutation: You are immune to rotting. [demonic ancestry]
   879 | D:1      | Reached XP level 3. HP: 29/29 MP: 4/4
  1169 | D:2      | Found a sacrificial altar of Ru.
  1186 | D:2      | Found a sparkling altar of Nemelex Xobeh.
  1325 | D:2      | Noticed Terence
  1357 | D:2      | Killed Terence
  1357 | D:2      | Reached XP level 4. HP: 2/36 MP: 6/6
  1357 | D:2      | HP: 1/36 [poisoned by an adder]
  1357 | D:2      | Slain by a frilled lizard

Skill      XL: |  1  2  3 |
---------------+----------+-----
Axes           | 2 |  2.9
Dodging        | 1 |  1.1
Armour         | 2 |  2.2
Fighting       | |  3.6
Invocations    | |  2.7

Action                   |  1- 3 |  4- 6 || total
-------------------------+-------+-------++-------
Melee: Hand axe          |    82 |       ||    82
       Kick              |    17 |       ||    17
       Battleaxe         |    28 |       ||    28
Invok: Depart the Abyss  |     1 |       ||     1
  Use: Potion            |     2 |       ||     2
  Eat: Chunk             |     1 |       ||     1
Armor: Leather armour    |    18 |       ||    18
       Chain mail        |    46 |       ||    46
Dodge: Dodged            |    55 |       ||    55
